 Dungeon Crawl Stone Soup version 0.28.0 (webtiles) character file.

Game seed: 7254044597097560955

397188 RepHenryClay the Barachian Blade (level 23, -4/195 HPs)
             Began as a Barachi Fighter on Feb 18, 2022.
             Was the Champion of Okawaru.
             Slain by a deep elf archer (8 damage)
             ... summoned by a shadow demon
             ... summoned by a deep elf demonologist
             ... on level 3 of the Elven Halls on Feb 19, 2022.
             The game lasted 01:31:18 (47824 turns).

RepHenryClay the Barachian Blade (Barachi Fighter) Turns: 47824, Time: 01:31:18

Health: -4/195     AC: 28    Str: 23    XL:     23   Next: 22%
Magic:  31/31      EV: 26    Int: 14    God:    Okawaru [******]
Gold:   2802       SH:  0    Dex: 31    Spells: 22/22 levels left

rFire   + + .      SeeInvis +   a - +9 triple sword "Taer" {flame, rPois rF+ rC++}
rCold   + + +      Faith    .   (shield currently unavailable)
rNeg    + + .      Spirit   .   A - +4 chain mail "Tumuh" {+Inv rN+ Slay+6}
rPois   +          Reflect  .   z - +0 hat of Xafuode {+Blink rPois rN+ rCorr}
rElec   .          Harm     .   U - +0 cloak {Will+}
rCorr   +          Rampage  .   e - +0 pair of fencer's gloves {Riposte Dex+3}
Will    +++..                   h - +2 pair of boots of the Enchanted Forest {Dex+4}
Stlth   ..........              t - amulet of regeneration
HPRegen 1.22/turn               H - ring of Zuruced {rPois rF+ rC+ Int+4 SInv}
MPRegen 0.22/turn               m - +6 ring of dexterity

@: unable to hop, studying Polearms, slow
A: amphibious, slowness 1, strong legs 2, +LOS, agile 1, cold resistance 1,
strong-willed 1
}: 2/15 runes: decaying, gossamer
a: Hop, Renounce Religion, Evoke Blink, Evoke Invisibility, Heroism, Finesse,
Duel


You were on level 3 of the Elven Halls.
You worshipped Okawaru.
Okawaru was exalted by your worship.
You visited 8 branches of the dungeon, and saw 39 of its levels.
You also visited: Bailey, Gauntlet, Ice Cave and Volcano.

You collected 5168 gold pieces.
You spent 2366 gold pieces at shops.

Inventory:

Hand Weapons
 a - the +9 triple sword "Taer" (weapon) {flame, rPois rF+ rC++}
   (Okawaru gifted it to you on level 2 of the Swamp)

   It burns those it strikes, dealing additional fire damage.
   Big, fiery blades are also staple armaments of hydra-hunters.
   rF:        It protects you from fire.
   rC:        It greatly protects you from cold.
   rPois:     It protects you from poison.
 K - the +7 long sword of the Enemy {vorpal, rElec Dex+2 SInv}
   (Okawaru gifted it to you on level 3 of the Swamp)

   It inflicts extra damage upon your enemies.
   Dex:       It affects your dexterity (+2).
   rElec:     It insulates you from electricity.
   SInv:      It lets you see invisible.
Missiles
 l - 3 throwing nets
 G - 20 javelins (quivered)
 W - 6 curare-tipped darts
Armour
 e - the +0 pair of fencer's gloves (worn) {Riposte Dex+3}
   (You bought it in a shop on level 8 of the Dungeon)

   It allows the wearer to riposte with melee weapons, swiftly retaliating
   against missed attacks.
   Dex:       It affects your dexterity (+3).
 g - a +0 kite shield of fire resistance
 h - the +2 pair of boots of the Enchanted Forest (worn) {Dex+4}
   (Okawaru gifted it to you on level 2 of the Orcish Mines)

   Dex:       It affects your dexterity (+4).
 j - a scarf of resistance
 o - a scarf of repulsion
 z - the +0 hat of Xafuode (worn) {+Blink rPois rN+ rCorr}
   (Okawaru gifted it to you on level 3 of the Vaults)

   rPois:     It protects you from poison.
   rN:        It protects you from negative energy.
   +Blink:    It lets you blink.
   rCorr:     It protects you from acid and corrosion.
 A - the +4 chain mail "Tumuh" (worn) {+Inv rN+ Slay+6}
   (Okawaru gifted it to you on level 12 of the Dungeon)

   Slay:      It affects your accuracy & damage with ranged weapons and melee
   (+6).
   rN:        It protects you from negative energy.
   +Inv:      It lets you turn invisible.
 T - the +6 chain mail "Zaxowuefo" {rElec}
   (You bought it in a shop on level 2 of the Orcish Mines)

   rElec:     It insulates you from electricity.
 U - a +0 cloak of willpower (worn)
 V - a +1 tower shield of cold resistance
Jewellery
 f - an amulet of reflection
 m - a +6 ring of dexterity (right hand)
 n - a ring of resist corrosion
 t - an amulet of regeneration (around neck)
 H - the ring of Zuruced (left hand) {rPois rF+ rC+ Int+4 SInv}
   (You found it in a Gauntlet)

   [ring of protection from fire]

   Int:       It affects your intelligence (+4).
   rF:        It protects you from fire.
   rC:        It protects you from cold.
   rPois:     It protects you from poison.
   SInv:      It lets you see invisible.
 R - a +6 ring of strength
Wands
 y - a wand of paralysis (24)
 B - a wand of mindburst (17)
 S - a wand of digging (36)
 X - a wand of iceblast (30)
Scrolls
 b - 2 scrolls of enchant weapon
 d - a scroll of brand weapon
 p - 3 scrolls of enchant armour
 r - 13 scrolls of teleportation
 v - 10 scrolls of fog
 x - a scroll of holy word
 F - 2 scrolls of magic mapping
 P - 7 scrolls of blinking
 Z - 2 scrolls of fear
Potions
 c - 3 potions of might
 i - a potion of invisibility
 k - 2 potions of flight
 q - 5 potions of berserk rage
 s - 5 potions of brilliance
 w - 2 potions of resistance
 D - 6 potions of mutation
 E - 2 potions of cancellation
 I - 5 potions of attraction
 J - 3 potions of heal wounds
 M - 15 potions of ambrosia
 O - 11 potions of curing {!*}
 Q - 4 potions of magic
 Y - 2 potions of haste
Miscellaneous
 u - a lightning rod (4/4)
 C - a condenser vane


   Skills:
 - Level 19.6 Fighting
 - Level 22.3 Long Blades
 - Level 8.0 Throwing
 - Level 22.0 Armour
 + Level 18.6 Dodging
 - Level 6.6 Shields
 - Level 11.1 Invocations
 - Level 15.6 Evocations


You had 22 spell levels left.
You didn't know any spells.
Your spell library contained the following spells:

 Spells                   Type           Power      Damage    Failure   Level
 Apportation              Tloc           0%         N/A       65%         1
 Beastly Appendage        Tmut           0%         N/A       65%         1
 Foxfire                  Conj/Fire      0%         2x1d4     65%         1
 Magic Dart               Conj           0%         1d3       65%         1
 Sandblast                Erth           0%         2d4       65%         1
 Blink                    Tloc           0%         N/A       80%         2
 Corpse Rot               Necr/Air       0%         N/A       80%         2
 Ensorcelled Hibernation  Hex/Ice        0%         N/A       80%         2
 Passwall                 Tmut/Erth      0%         N/A       80%         2
 Wereblood                Tmut           0%         N/A       80%         2
 Conjure Flame            Conj/Fire      0%         6-21      95%         3
 Dazzling Flash           Conj/Hex       0%         N/A       95%         3
 Gell's Gravitas          Tloc           0%         N/A       95%         3
 Inner Flame              Hex/Fire       0%         N/A       95%         3
 Lesser Beckoning         Tloc           0%         N/A       95%         3
 Mephitic Cloud           Conj/Pois/Air  0%         N/A       95%         3
 Ozocubu's Armour         Ice            0%         N/A       95%         3
 Spider Form              Tmut/Pois      0%         N/A       95%         3
 Stone Arrow              Conj/Erth      0%         3d7       95%         3
 Swiftness                Air            0%         N/A       95%         3
 Teleport Other           Tloc           0%         N/A       95%         3
 Anguish                  Hex/Necr       0%         N/A       100%        4
 Dispel Undead            Necr           0%         3d6       100%        4
 Flame Wave               Conj/Fire      0%         2d4       100%        4
 Fulminant Prism          Conj/Hex       0%         3d6       100%        4
 Hailstorm                Conj/Ice       0%         3d3       100%        4
 Ice Form                 Ice/Tmut       0%         N/A       100%        4
 Leda's Liquefaction      Hex/Erth       0%         N/A       100%        4
 Passage of Golubria      Tloc           0%         N/A       100%        4
 Petrify                  Tmut/Erth      0%         N/A       100%        4
 Alistair's Intoxication  Tmut/Pois      0%         N/A       100%        5
 Blade Hands              Tmut           0%         N/A       100%        5
 Irradiate                Conj/Tmut      0%         3d14      100%        5
 Lee's Rapid Deconstruct  Erth           0%         3d5*      100%        5
 Manifold Assault         Tloc           0%         N/A       100%        5
 Metabolic Englaciation   Hex/Ice        0%         N/A       100%        5
 Silence                  Hex/Air        0%         N/A       100%        5
 Dispersal                Tloc           0%         N/A       100%        6
 Statue Form              Tmut/Erth      0%         N/A       100%        6
 Dragon Form              Tmut           0%         N/A       100%        7
 Enfeeble                 Hex            0%         N/A       100%        7
 Disjunction              Tloc           0%         N/A       100%        8
 Lehudib's Crystal Spear  Conj/Erth      0%         10d2      100%        8
 Call Imp                 Summ           Unusable   N/A       N/A         2
 Tukima's Dance           Hex            Unusable   N/A       N/A         3
 Death Channel            Necr           Unusable   N/A       N/A         6
 Simulacrum               Ice/Necr       Unusable   N/A       N/A         6

Dungeon Overview and Level Annotations

Branches:
Dungeon (15/15)            Temple (1/1) D:4            Lair (6/6) D:9
  Swamp (4/4) Lair:4       Spider (4/4) Lair:2        Slime (0/5) Lair:5
    Orc (2/2) D:10            Elf (3/3) Orc:2        Vaults (4/5) D:14
  Crypt (0/3) Vaults:2     Depths (0/4) D:15         Bailey (visited)
  IceCv (visited)         Volcano (visited)         Gauntlet (visited)

Altars:
Ashenzari
Dithmenos
Fedhas
Gozag
Hepliaklqana
Kikubaaqudgha
Nemelex Xobeh
Okawaru
Qazlal
Ru
Sif Muna
Trog
Vehumet
Wu Jian
Xom
Zin
The Shining One
Beogh
Jiyva

Shops:
D:8 [   Orc:2 *[[*   Elf:1 [   Elf:2 (   Vaults:1 ?[   Vaults:2 ?[[

Portals:
Trove: D:14 (give 16 potions of curing)

Annotations:
D:8 fencer gloves
Spider:3 1 runed translucent door, BobtheApe's ghost, adept FeSu
Orc:1 6 transporters
Elf:3 3 runed translucent doors, 1 exclusion, Kaobra's ghost, adept GnWz


Innate Abilities, Weirdness & Mutations

You are amphibious.
You cover ground slowly.
You can hop long distances.
You have an extended range of vision and can be seen from far away.
You are agile. (Dex +2)
Your flesh is cold resistant. (rC+)
You are strong-willed. (Will+)


Message History

The reaper hits you from afar with a +2 scythe of venom!!
* * * LOW HITPOINT WARNING * * *
You are more poisoned.
The deep elf elementalist completely misses you.
You riposte.
You chop the deep elf elementalist into pieces!!!
You burn the deep elf elementalist.
You kill the deep elf elementalist!
Okawaru accepts your kill.
The earth elemental disappears in a puff of smoke! x5
Huge Dmg: -19%(-37hp) hp: 28%(53hp)
* * * LOW HITPOINT WARNING * * *
You feel extremely sick. The smoke demon gestures at you. Something smites you!
* * * LOW HITPOINT WARNING * * *
The smoke demon gestures at you. Something smites you!
* * * LOW HITPOINT WARNING * * *
There is a stone staircase leading up, spattered with blood here.
Things that are here:
a +0 long sword; an elf corpse; Huge Dmg: -17%(-32hp) hp: 11%(21hp) Really quaff
O - 12 potions of curing {!*}?
You feel better. The smoke demon gestures at you. Something smites you!
* * * LOW HITPOINT WARNING * * *
The shadow demon hits you but does no damage.
The reaper hits you from afar with a +2 scythe of venom!
* * * LOW HITPOINT WARNING * * *
A deep elf demonologist comes into view.
It is wielding a +0 long sword.
The deep elf pyromancer casts a spell.
Huge Dmg: -9%(-18hp) hp: 2%(3hp) Unknown command.
Okay, then.
Hop to where?
Press: ? - help, Dir - move target Boing!
The deep elf archer hits you with a +0 dagger!
You die...

##.........^.#'#
#..............#
##...........#'#
#...........#.#
#######.........##.#
....###.........##<#
.....###.......#)#[##
......##........#...##
.#############...@.E.##
.#8###8###8###.)..e)..##
......^......#..33e2..)#
...........).'.§.2e....#
..).........^#...§○....#
.#8###8###8####.§.....##
.####### ### ##..§)..#
....# ##§§§.## #####
#.#.##


You could see a reaper (summoned), a shadow demon (summoned), a deep elf
demonologist, a deep elf archer (summoned, repels missiles), a deep elf
pyromancer (summoned), 2 smoke demons and a fire elemental (summoned).

Vanquished Creatures
  An ancient lich (Vaults:4)
  Arachne (Spider:4)
  Nikola (Swamp:3)
  Jorgrun (Spider:1)
  A tentacled monstrosity (Swamp:3)
  Asterion (Spider:1)
  A sphinx (Vaults:4)
  Frances (D:14)
  Kirke (Lair:5)
  A storm dragon (Elf:1)
  4 thorn hunters
  Agnes (Spider:1)
  A tengu reaver (Vaults:4)
  Roxanne (Spider:4)
  Louise (Elf:2)
  4 ghost moths (Spider:4)
  8 vault wardens
  2 emperor scorpions (Spider:4)
  An orc warlord (Vaults:4)
  4 deep elf sorcerers
  Aizul (Swamp:1)
  An iron dragon (Elf:1)
  4 deep elf elementalists (Elf:3)
  9 very ugly things
  A reaper (IceCv)
  9 ironbound preservers
  An ironbound thunderhulk (Vaults:2)
  3 broodmothers
  A deep elf demonologist (Elf:1)
  6 eleionomae
  2 stone giants (Vaults:4)
  A deep elf annihilator (Elf:3)
  A minotaur (Lair:3)
  7 entropy weavers
  19 dire elephants
  5 spark wasps
  8 bunyips
  Azrael (Elf:2)
  An eidolon (Vaults:2)
  A crystal guardian (Vaults:4)
  3 deep elf death magi
  Josephine (Spider:1)
  An ettin (D:14)
  A shambling mangrove (Swamp:4)
  2 fire dragons
  13 yaktaur captains
  2 deep elf high priests (Elf:1)
  An ice dragon (Elf:1)
  Harold (D:9)
  3 great orbs of eyes
  6 vault guards (Vaults:1)
  A peacekeeper (Vaults:4)
  2 ogre magi
  5 boulder beetles
  A ghost crab (Swamp:4)
  Erica (D:9)
  3 radroaches
  A spriggan air mage (Swamp:1)
  21 centaur warriors
  29 hydras
  33 dancing weapons
  4 ironbound frosthearts
  4 two-headed ogres
  5 alligators
  2 death knights
  5 orc high priests
  3 tengu warriors
  14 deep elf knights
  A wretched star (Gauntlet)
  A fire crab (Gauntlet)
  14 skeletal warriors
  7 pharaoh ants
  19 deep trolls
  A flayed ghost (Vaults:3)
  6 goliath frogs
  9 orb spiders
  9 steelbarb worms
  4 spriggan druids
  4 bog bodies
  10 swamp dragons
  6 wizards
  12 deep elf archers
  3 necromancers
  An obsidian statue (Vaults:1)
  13 ironbound convokers
  28 deep elf zephyrmancers
  8 orc knights
  14 lindwurms
  4 orc sorcerers
  27 deep elf pyromancers
  6 cyclopes
  19 wolf spiders
  4 manticores
  25 ugly things
  A will-o-the-wisp (Swamp:2)
  7 moths of wrath
  The ghost of AlmostDecent the Magician, a novice DjCj (D:5)
  10 elephants
  17 vault sentinels
  3 torpor snails
  4 black mambas
  Joseph (D:7)
  Maggie (D:6)
  16 cane toads
  2 ice statues (IceCv)
  5 gargoyles
  2 unseen horrors (D:12)
  5 demonic crawlers
  5 rime drakes
  A kobold demonologist (D:9)
  An efreet (D:14)
  32 yaktaurs
  3 anaconda simulacra (IceCv)
  5 ice devils (IceCv)
  2 entropy weaver simulacra (IceCv)
  8 komodo dragons
  5 trolls
  2 polar bears
  5 tyrant leeches
  9 meliai (Spider:2)
  23 tarantellas
  19 hornets
  Prince Ribbit (D:9)
  A queen bee (Lair:1)
  7 slime creatures
  13 blink frogs
  3 dream sheep (Lair:6)
  A harpy skeleton (Volcano)
  33 culicivoras
  27 jumping spiders
  2 alligator skeletons (Volcano)
  3 flying skulls (Volcano)
  A culicivora (shapeshifter) (D:15)
  A jumping spider (shapeshifter) (D:15)
  7 water elementals
  2 dire elephant simulacra (IceCv)
  13 spriggans
  A yak (shapeshifter) (Elf:2)
  2 air elementals
  38 yaks
  7 wraiths
  4 wyverns
  2 shadows (D:10)
  6 fire elementals
  2 vampires (D:12)
  A hog (Lair:5)
  4 humans (Lair:5)
  2 fire bats (Gauntlet)
  3 steam dragons (Lair:6)
  12 basilisks
  A neqoxec (Gauntlet)
  A death yak simulacrum (IceCv)
  45 redbacks
  5 vampire mosquitoes
  8 swamp worms
  A warg (Orc:1)
  6 acid dragons
  3 hell hounds (Elf:2)
  3 harpy simulacra (IceCv)
  15 water moccasins
  Duvessa (D:5)
  3 swamp drakes
  20 orc warriors
  3 ice beasts
  A sky beast (D:6)
  11 ogres
  An ice beast (shapeshifter) (Vaults:2)
  A black bear (Lair:2)
  7 boggarts
  3 centaurs
  3 kobold brigands
  10 bullfrogs
  2 two-headed ogre simulacra (D:13)
  A gnoll sergeant (D:8)
  2 scorpions
  A cane toad simulacrum (IceCv)
  4 earth elementals
  A water moccasin zombie (D:5)
  Dowan (D:5)
  A water moccasin skeleton (D:6)
  35 killer bees
  10 wights
  3 howler monkeys (D:9)
  A spriggan skeleton (Volcano)
  3 electric eels
  4 centaur zombies
  A bullfrog zombie (D:5)
  3 hounds
  A bullfrog skeleton (D:7)
  5 jellies
  12 orc priests
  2 centaur skeletons
  7 iguanas
  24 orc wizards
  5 spriggan simulacra
  A yak simulacrum (D:10)
  3 polar bear simulacra
  4 wolf simulacra
  A naga skeleton (Volcano)
  3 howler monkey zombies
  14 adders
  4 gnolls (D:8)
  2 shadow imps
  A white imp (D:7)
  2 ufetubi
  An adder skeleton (D:4)
  A worm (D:3)
  2 dart slugs
  83 orcs
  4 bats
  3 endoplasms
  5 giant cockroaches
  10 goblins
  3 hobgoblins
  2 jackals (D:3)
  3 quokkas
  6 ball pythons
  A frilled lizard (D:3)
  27 kobolds
  9 rats
  6 river rat simulacra (D:10)
1418 creatures vanquished.

Vanquished Creatures (others)
  2 deep elf knights
  An orb spider (Spider:4)
  2 wizards (Vaults:4)
  A deep elf pyromancer (Elf:3)
  A deep elf zephyrmancer (Elf:1)
  2 bloated husks
  A human (D:3)
  An orc priest (Orc:2)
  An orc (Elf:1)
  11 bushes (Lair:6)
  3 foxfires (Swamp:3)
  23 fungi
  41 plants
90 creatures vanquished.

Grand Total: 1508 creatures vanquished

Notes
Turn   | Place    | Note
-------+----------+-------------------------------------------
     0 | D:1      | RepHenryClay the Barachi Fighter began the quest for the
                  | Orb.
     0 | D:1      | Reached XP level 1. HP: 18/18 MP: 1/1
   466 | D:1      | Reached XP level 2. HP: 24/24 MP: 2/2
   875 | D:2      | Reached skill level 1 in Dodging
   943 | D:2      | Found a faded altar of an unknown god.
  1022 | D:2      | Reached XP level 3. HP: 24/29 MP: 3/3
  1352 | D:2      | You fall into a shaft and drop 1 floor!
  1352 | D:3      | Found the +1 Delatra's gloves {ID++}
  1441 | D:3      | Identified the +1 leather armour "Kisupt" {rF- rC+ Dex+2}
  2009 | D:3      | Reached XP level 4. HP: 36/36 MP: 4/4
  2285 | D:3      | Found a sparkling altar of Nemelex Xobeh.
  2308 | D:3      | Found an ancient bone altar of Kikubaaqudgha.
  2308 | D:3      | Noticed a human
  2312 | D:3      | Killed a human
  2473 | D:3      | Reached XP level 5. HP: 35/41 MP: 5/5
  2605 | D:3      | Reached skill level 5 in Long Blades
  2703 | D:4      | Noticed an orc warrior
  2745 | D:4      | Noticed an orc warrior
  2754 | D:4      | Killed an orc warrior
  2755 | D:4      | Reached skill level 5 in Armour
  2755 | D:4      | Reached XP level 6. HP: 30/47 MP: 6/6
  2780 | D:4      | Killed an orc warrior
  2934 | D:4      | Reached XP level 7. HP: 44/52 MP: 7/7
  3387 | D:4      | Found a staircase to the Ecumenical Temple.
  3418 | Temple   | Entered the Ecumenical Temple
  3478 | Temple   | Became a worshipper of Warmaster Okawaru
  3788 | D:5      | Entered Level 5 of the Dungeon
  3827 | D:5      | Noticed AlmostDecent's ghost (novice DjCj)
  3828 | D:5      | Found a runed translucent gate.
  3828 | D:5      | Found a runed translucent gate.
  3828 | D:5      | Found a runed translucent gate.
  3830 | D:5      | Identified the +6 spear of Governance {vorpal, Contam rN+++
                  | Int+3 Dex-3}
  3830 | D:5      | Identified the +5 chain mail of a bazaar {*Slow rPois
                  | Dex+2}
  3848 | D:5      | Reached skill level 1 in Invocations
  4267 | D:5      | Reached * piety under Okawaru
  4268 | D:5      | Reached XP level 8. HP: 40/59 MP: 10/10
  4483 | D:5      | Found a glowing silver altar of Zin.
  4757 | D:5      | Noticed Duvessa
  4758 | D:5      | Noticed Dowan
  4772 | D:5      | Gained mutation: You are strong-willed. (Will+) [potion of
                  | mutation]
  4772 | D:5      | Gained mutation: Your flesh is cold resistant. (rC+)
                  | [potion of mutation]
  4772 | D:5      | Gained mutation: You are agile. (Dex +2) [potion of
                  | mutation]
  4783 | D:5      | Killed Duvessa
  4804 | D:5      | Killed Dowan
  4805 | D:5      | Reached skill level 5 in Invocations
  5480 | D:6      | Identified the +1 chain mail of the Heavens {rF+ Dex+5}
  5854 | D:6      | Reached skill level 5 in Dodging
  5854 | D:6      | Reached XP level 9. HP: 64/64 MP: 12/12
  5874 | D:6      | Found an ornate altar of the Wu Jian Council.
  5986 | D:6      | Found a hazy altar of Hepliaklqana.
  6085 | D:6      | Identified the +0 robe "Judel" {Str-4 Int+3 Dex+5}
  6137 | D:6      | Found a sacrificial altar of Ru.
  6167 | D:6      | Found a shadowy altar of Dithmenos.
  6565 | D:6      | Reached ** piety under Okawaru
  6691 | D:7      | Noticed Maggie
  7362 | D:7      | Noticed Joseph
  7391 | D:6      | Killed Maggie
  7392 | D:6      | Reached skill level 10 in Long Blades
  7642 | D:7      | Killed Joseph
  8202 | D:7      | Reached *** piety under Okawaru
  8415 | D:8      | Reached XP level 10. HP: 60/70 MP: 13/13
  8465 | D:8      | HP: 3/70 [troll (14)]
  8540 | D:8      | Found a flagged portal.
  8564 | Bailey   | Entered a bailey
  8591 | Bailey   | Noticed an orc warlord
  8658 | Bailey   | Noticed an orc knight
  8676 | Bailey   | Found a runed translucent gate.
  8676 | Bailey   | Found a runed translucent gate.
  8676 | Bailey   | Found a runed translucent gate.
  8690 | Bailey   | Identified the +5 long sword of Arcadian Punishment
                  | {vorpal, rF++ rCorr}
  9239 | D:8      | Found Iruic's Antique Armour Shop.
  9255 | D:8      | Bought a pair of runed boots for 180 gold pieces
  9283 | D:8      | Noticed a two-headed ogre
  9291 | D:8      | Killed a two-headed ogre
  9605 | D:8      | Found a blossoming altar of Fedhas.
  9649 | D:9      | Reached **** piety under Okawaru
  9718 | D:9      | Noticed Prince Ribbit
  9723 | D:9      | Killed Prince Ribbit
  9783 | D:9      | Reached ***** piety under Okawaru
  9898 | D:9      | Found a staircase to the Lair.
  9905 | D:9      | Noticed Harold
  9924 | D:9      | Killed Harold
  9924 | D:9      | Received a gift from Okawaru
  9925 | D:9      | Reached skill level 10 in Armour
  9925 | D:9      | Reached XP level 11. HP: 45/75 MP: 12/14
 10174 | D:9      | Found a stormy altar of Qazlal.
 10504 | D:9      | Noticed Erica
 10532 | D:9      | Killed Erica
 10818 | D:9      | Found a shimmering altar of Xom.
 10819 | D:9      | Found a bloodstained altar of Trog.
 11185 | D:5      | Killed AlmostDecent's ghost
 11353 | Lair:1   | Entered Level 1 of the Lair of Beasts
 11387 | Lair:1   | Reached skill level 5 in Fighting
 11481 | Lair:1   | Received a gift from Okawaru
 11719 | Lair:1   | Reached skill level 15 in Long Blades
 12367 | Lair:2   | Received a gift from Okawaru
 12368 | Lair:2   | Reached XP level 12. HP: 91/91 MP: 15/15
 12761 | Lair:2   | Found a hole to the Spider Nest.
 13185 | Lair:2   | Noticed an eight-headed hydra
 13197 | Lair:2   | Killed a five-headed hydra
 13389 | Lair:3   | Found a gate leading to a gauntlet.
 13395 | Gauntlet | Entered a Gauntlet
 13395 | Gauntlet | Found a transporter.
 13402 | Gauntlet | Found a transporter.
 13403 | Gauntlet | Found a transporter.
 13413 | Gauntlet | Found a transporter.
 13415 | Gauntlet | Found a transporter.
 13423 | Gauntlet | Noticed a wretched star
 13425 | Gauntlet | Found a transporter.
 13447 | Gauntlet | Found a transporter.
 13458 | Gauntlet | Found a transporter.
 13465 | Gauntlet | Noticed a large abomination
 13466 | Gauntlet | Noticed a reaper
 13468 | Gauntlet | Found a transporter.
 13487 | Gauntlet | Found a transporter.
 13500 | Gauntlet | Found a runed translucent gate.
 13501 | Gauntlet | Found a runed translucent gate.
 13502 | Gauntlet | Found a transporter.
 13502 | Gauntlet | Found a transporter.
 13502 | Gauntlet | Found a runed translucent gate.
 13558 | Gauntlet | Found a transporter.
 13562 | Gauntlet | Found a transporter.
 13858 | Gauntlet | Killed a wretched star
 13865 | Gauntlet | Identified the ring of Zuruced {rPois rF+ rC+ Int+4 SInv}
 13901 | Gauntlet | Noticed a minotaur
 14056 | D:10     | Entered Level 10 of the Dungeon
 14415 | D:10     | Noticed a centaur warrior
 14421 | D:10     | Killed a centaur warrior
 14455 | D:10     | Received a gift from Okawaru
 14654 | D:10     | Found a staircase to the Orcish Mines.
 14960 | D:10     | Found a radiant altar of Vehumet.
 14960 | D:10     | Found an opulent altar of Gozag.
 15095 | Orc:1    | Entered Level 1 of the Orcish Mines
 15576 | Orc:1    | Noticed an orc high priest
 15584 | Orc:1    | Found a transporter.
 15596 | Orc:1    | Killed an orc high priest
 15623 | Orc:1    | Found a transporter.
 15624 | Orc:1    | Found a transporter.
 15624 | Orc:1    | Found a transporter.
 15628 | Orc:1    | Found a sparkling altar of Nemelex Xobeh.
 15628 | Orc:1    | Found a transporter.
 15628 | Orc:1    | Noticed a juggernaut
 15631 | Orc:1    | Found the +5 demon whip "Spellbinder" {antimagic, Will+}
 15632 | Orc:1    | Found a transporter.
 15909 | Orc:2    | Entered Level 2 of the Orcish Mines
 15917 | Orc:2    | Reached skill level 10 in Fighting
 15917 | Orc:2    | Gained mutation: You can hop long distances. [Barachi
                  | growth]
 15917 | Orc:2    | Reached XP level 13. HP: 94/103 MP: 16/16
 16134 | Orc:2    | Reached skill level 5 in Shields
 16438 | Orc:2    | Found a staircase to the Elven Halls.
 16490 | Orc:2    | Reached ****** piety under Okawaru
 16490 | Orc:2    | Identified the +2 pair of boots of the Enchanted Forest
                  | {Dex+4} (Okawaru gifted it to you on level 2 of the Orcish
                  | Mines)
 16490 | Orc:2    | Received a gift from Okawaru
 17130 | Orc:2    | Found Hydwoxt's General Store.
 17130 | Orc:2    | Found Tuwin's Assorted Antiques.
 17230 | Orc:2    | Found Waprasamui's Armour Boutique.
 17230 | Orc:2    | Found Ostocsa's Antique Armour Emporium.
 17237 | Orc:2    | Bought a scroll of identify for 28 gold pieces
 17237 | Orc:2    | Bought a scroll of identify for 28 gold pieces
 17244 | Orc:2    | Bought a pair of transparent gloves for 228 gold pieces
 17244 | Orc:2    | Identified the +2 pair of gloves of the Unseen Realm {Will-
                  | Regen+ Str+4} (You bought it in a shop on level 2 of the
                  | Orcish Mines)
 17244 | Orc:2    | Bought a distressingly furry chain mail for 228 gold pieces
 17244 | Orc:2    | Identified the +6 chain mail "Zaxowuefo" {rElec} (You
                  | bought it in a shop on level 2 of the Orcish Mines)
 17245 | Orc:2    | Bought a +0 cloak of willpower for 161 gold pieces
 17862 | D:11     | Reached skill level 15 in Armour
 18644 | D:12     | Identified the +4 chain mail "Tumuh" {+Inv rN+ Slay+6}
                  | (Okawaru gifted it to you on level 12 of the Dungeon)
 18644 | D:12     | Received a gift from Okawaru
 18762 | D:13     | Found a frozen archway.
 18763 | D:13     | Found a viscous altar of Jiyva.
 18791 | IceCv    | Entered an ice cave
 19045 | IceCv    | Reached XP level 14. HP: 111/111 MP: 17/17
 19093 | IceCv    | Noticed a reaper
 19099 | IceCv    | Killed a reaper
 19983 | D:14     | Reached skill level 1 in Throwing
 20064 | D:14     | Noticed Frances
 20092 | D:14     | Killed Frances
 20207 | D:14     | Received a gift from Okawaru
 20281 | D:14     | Reached skill level 5 in Throwing
 20349 | D:14     | Found a gate to the Vaults.
 20487 | D:14     | Found a portal to a secret trove of treasure.
 20685 | D:15     | Entered Level 15 of the Dungeon
 20752 | D:15     | Received a gift from Okawaru
 20847 | D:15     | Reached XP level 15. HP: 90/117 MP: 18/18
 21026 | D:15     | Identified the +0 ring mail of the Lumpy Priests {rC+ rN+
                  | Regen+} (Okawaru gifted it to you on level 15 of the
                  | Dungeon)
 21026 | D:15     | Received a gift from Okawaru
 21121 | D:15     | Reached skill level 10 in Dodging
 21180 | D:15     | Found a staircase to the Depths.
 22480 | Lair:4   | Found a staircase to the Swamp.
 22972 | Lair:5   | Received a gift from Okawaru
 22983 | Lair:5   | Found a viscous altar of Jiyva.
 22984 | Lair:5   | Found a staircase to the Slime Pits.
 23230 | Lair:5   | Noticed Kirke
 23239 | Lair:5   | Killed Kirke
 23724 | Lair:6   | Entered Level 6 of the Lair of Beasts
 23791 | Lair:6   | Received a gift from Okawaru
 23804 | Lair:6   | Found a dark tunnel.
 23829 | Volcano  | Entered a volcano
 24000 | Volcano  | Identified the +6 hunting sling of the Lamprey {freeze,
                  | Fragile Dex+7} (Okawaru gifted it to you in a volcano)
 24000 | Volcano  | Received a gift from Okawaru
 24198 | Lair:6   | Reached XP level 16. HP: 132/132 MP: 20/20
 24551 | Lair:6   | Reached XP level 17. HP: 138/138 MP: 21/23
 24598 | Lair:6   | Identified the +5 great sword of Disembowelment {vamp,
                  | Int+3} (Okawaru gifted it to you on level 6 of the Lair of
                  | Beasts)
 24598 | Lair:6   | Received a gift from Okawaru
 25013 | D:8      | Bought the +0 pair of fencer's gloves {Riposte Dex+3} for
                  | 960 gold pieces
 25013 | D:8      | Found the +0 pair of fencer's gloves {Riposte Dex+3}
 25181 | Swamp:1  | Entered Level 1 of the Swamp
 25440 | Swamp:1  | Reached skill level 10 in Invocations
 26045 | Swamp:2  | Noticed Aizul
 26064 | Swamp:1  | Killed Aizul
 26750 | Swamp:2  | Identified the +9 triple sword "Taer" {flame, rPois rF+
                  | rC++} (Okawaru gifted it to you on level 2 of the Swamp)
 26750 | Swamp:2  | Received a gift from Okawaru
 28316 | Swamp:3  | Noticed a tentacled monstrosity
 28317 | Swamp:3  | Noticed Nikola
 28329 | Swamp:3  | Killed a tentacled monstrosity
 28338 | Swamp:3  | Killed Nikola
 28711 | Swamp:4  | Entered Level 4 of the Swamp
 29063 | Swamp:3  | Reached XP level 18. HP: 143/145 MP: 26/26
 29206 | Swamp:3  | Identified the +7 long sword of the Enemy {vorpal, rElec
                  | Dex+2 SInv} (Okawaru gifted it to you on level 3 of the
                  | Swamp)
 29206 | Swamp:3  | Received a gift from Okawaru
 30319 | Swamp:4  | Got a decaying rune of Zot
 30654 | Spider:1 | Entered Level 1 of the Spider Nest
 30673 | Spider:1 | Identified the +0 kite shield "Enkior" {Will- Int+3}
                  | (Okawaru gifted it to you on level 1 of the Spider Nest)
 30673 | Spider:1 | Received a gift from Okawaru
 30676 | Spider:1 | Noticed Josephine
 30685 | Spider:1 | Killed Josephine
 31035 | Spider:1 | Noticed Agnes
 31043 | Spider:1 | Killed Agnes
 31054 | Spider:1 | Identified the -3 kite shield of Cixyiff {Int+4}
 31054 | Spider:1 | Noticed Asterion
 31060 | Spider:1 | Killed Asterion
 31366 | Spider:1 | Reached skill level 1 in Evocations
 31593 | Spider:1 | Reached skill level 5 in Evocations
 31925 | Spider:1 | Noticed Jorgrun
 31934 | Spider:1 | Killed Jorgrun
 32217 | Spider:2 | Identified the +4 falchion of Invincibility {drain, rN++
                  | Int+6} (Okawaru gifted it to you on level 2 of the Spider
                  | Nest)
 32217 | Spider:2 | Received a gift from Okawaru
 32747 | Spider:2 | Reached XP level 19. HP: 151/151 MP: 27/27
 33980 | Spider:3 | Found a runed translucent door.
 33981 | Spider:3 | Found a shimmering altar of Xom.
 33981 | Spider:3 | Noticed BobtheApe's ghost (adept FeSu)
 34290 | Spider:4 | Entered Level 4 of the Spider Nest
 34293 | Spider:4 | Noticed Roxanne
 34523 | Spider:4 | Identified the +6 triple sword "Savievem" {protect, Will+
                  | Str-2 Dex+4 Stlth+} (Okawaru gifted it to you on level 4 of
                  | the Spider Nest)
 34523 | Spider:4 | Received a gift from Okawaru
 34823 | Spider:4 | Noticed Arachne
 34839 | Spider:4 | Killed Arachne
 35179 | Spider:4 | Reached skill level 10 in Evocations
 35238 | Spider:4 | Reached skill level 15 in Fighting
 35757 | Spider:4 | Paralysed by a hornet for 1 turns
 35861 | Spider:4 | Identified the +3 quarterstaff of Benevolence {spect, rPois
                  | Int+4 Dex-2} (Okawaru gifted it to you on level 4 of the
                  | Spider Nest)
 35861 | Spider:4 | Received a gift from Okawaru
 36206 | Spider:4 | Reached XP level 20. HP: 164/164 MP: 28/28
 36239 | Spider:4 | Got a gossamer rune of Zot
 36308 | Spider:4 | Killed Roxanne
 36612 | Vaults:1 | Entered Level 1 of the Vaults
 36825 | Vaults:1 | Found Padautt's Armour Emporium.
 37207 | Vaults:1 | Received a gift from Okawaru
 37679 | Vaults:1 | Identified the +7 ring mail of the Lair of Beasts {Will+
                  | Str-2 Dex+5} (Okawaru gifted it to you on level 1 of the
                  | Vaults)
 37679 | Vaults:1 | Received a gift from Okawaru
 37680 | Vaults:1 | Reached XP level 21. HP: 154/172 MP: 29/29
 37771 | Vaults:1 | Reached skill level 15 in Dodging
 38401 | Vaults:1 | Found Sanaj's Magic Scroll Shop.
 38412 | Vaults:1 | Bought a scroll of blinking for 127 gold pieces
 38876 | Vaults:2 | Found a staircase to the Crypt.
 39444 | Vaults:2 | Found Ypaehob's Antique Armour Shop.
 40316 | Vaults:2 | Found Zyliq's Magic Scroll Boutique.
 40325 | Vaults:2 | Bought a scroll of blinking for 142 gold pieces
 40325 | Vaults:2 | Bought a scroll of enchant armour for 142 gold pieces
 40325 | Vaults:2 | Bought a scroll of holy word for 142 gold pieces
 40351 | Vaults:2 | Found Tenall's Armour Emporium.
 40948 | Vaults:3 | Identified the +0 hat of Xafuode {+Blink rPois rN+ rCorr}
                  | (Okawaru gifted it to you on level 3 of the Vaults)
 40948 | Vaults:3 | Received a gift from Okawaru
 41323 | Vaults:3 | You fall into a shaft and drop 1 floor!
 41386 | Vaults:4 | Noticed an ancient lich
 41390 | Vaults:4 | Killed an ancient lich
 41879 | Vaults:3 | Reached XP level 22. HP: 112/183 MP: 27/30
 43172 | Vaults:4 | Identified the +1 scale mail of the Demon Prince {Int+5}
                  | (Okawaru gifted it to you on level 4 of the Vaults)
 43172 | Vaults:4 | Received a gift from Okawaru
 44304 | Elf:1    | Entered Level 1 of the Elven Halls
 44322 | Elf:1    | Found a radiant altar of Vehumet.
 44963 | Elf:1    | Found a shimmering blue altar of Sif Muna.
 45443 | Elf:1    | Found Ehieshymo's Armour Boutique.
 45609 | Elf:1    | Found a runed translucent gate.
 45609 | Elf:1    | Found a runed translucent gate.
 45609 | Elf:1    | Found a runed translucent gate.
 45609 | Elf:1    | Found a runed translucent gate.
 45609 | Elf:1    | Found a runed translucent gate.
 45609 | Elf:1    | Found a runed translucent gate.
 45628 | Elf:1    | Got the Collected Works on Attacks
 45994 | Elf:2    | Found Huojes's Antique Weapon Emporium.
 46193 | Elf:2    | Reached skill level 15 in Evocations
 46295 | Elf:2    | Found a runed translucent gate.
 46295 | Elf:2    | Found a runed translucent gate.
 46493 | Elf:2    | Found a runed translucent gate.
 46665 | Elf:2    | Identified the +6 scale mail of the Arcane {Will+} (Okawaru
                  | gifted it to you on level 2 of the Elven Halls)
 46665 | Elf:2    | Received a gift from Okawaru
 46710 | Elf:2    | Noticed Azrael
 46724 | Elf:2    | Killed Azrael
 47000 | Elf:2    | Reached XP level 23. HP: 181/194 MP: 31/31
 47153 | Elf:3    | Entered Level 3 of the Elven Halls
 47261 | Elf:3    | Noticed Louise
 47288 | Elf:2    | Killed Louise
 47514 | Elf:3    | Found a runed translucent gate.
 47533 | Elf:3    | Found a runed translucent gate.
 47533 | Elf:3    | Found a runed translucent gate.
 47533 | Elf:3    | Noticed Kaobra's ghost (adept GnWz)
 47535 | Elf:3    | Identified the +4 demon blade "Dragon's Tongue" {vorpal,
                  | Str-5 Int+7 Dex+2}
 47562 | Elf:3    | Found an iron altar of Okawaru.
 47823 | Elf:3    | HP: 3/195 [reaper[a deep elf demonologist] (13)]
 47824 | Elf:3    | Slain by a deep elf archer

Illustrated notes

Levels and vault maps discovered:
D:1:      evilmike_arrival_fibonacci_small, layout_basic,
          chequers_serial_rivers_marsh
D:2:      layout_loops_ring, shapermc_ecumenical_altar_venn
D:3:      minmay_thinvault, layout_rooms, tgw_kikubaaqudgha,
          nemelex_diamond_rough_becter
D:4:      layout_loops_ring, minmay_temple_entry_large_hall,
          minmay_manual_monstrance
D:5:      layout_loops_ring, mainiacjoe_overflow_concentric_impassable,
          biasface_ghost_orc_armoury, uniq_duvessa
D:6:      layout_basic, lemuel_coloured_pillars_altar,
          nicolae_ru_the_path_less_chosen, kennysheep_mini,
          grunt_dithmenos_shadows
D:7:      layout_rooms, uniq_maggie, uniq_joseph
D:8:      layout_loops_cross, mainiacjoe_overflow_six_doors_small,
          enter_bailey_5, serial_shops, shop
D:9:      layout_gridville, gammafunk_temple_overflow_statue,
          nicolae_qazlal_general_emergency, minmay_lair_entry_grove,
          uniq_harold, uniq_prince_ribbit1, uniq_erica
D:10:     hellmonk_destroyed_diamonds, layout_cave_pools,
          gammafunk_temple_overflow_wave, erik_orc_1, eino_house_with_fridge
D:11:     layout_loops_cross
D:12:     layout_loops_corners
D:13:     minmay_curly_fans, layout_rooms, portal_ice_cave_entry_ice_simulacra,
          hangedman_decor_clover_reticule, drop_trap, jiyva_altar_1
D:14:     layout_cave_pools, david_vaults_2, nicolae_trove_entry_columns,
          minmay_quadrilaterals, uniq_frances
D:15:     hangedman_depths_entry_civil_slaughter, layout_rooms,
          hangedman_glass_teeth
Temple:   nicolae_temple_figure_zero
Lair:1:   layout_roguey [special_room_bee]
Lair:2:   layout_layer_cave, spider_nest_entry_webs
Lair:3:   layout_cave_shapes, gauntlet_entry_generic, small_statue_intersection,
          chequers_serial_rivers_small_3, infiniplex_staircase_pool,
          grunt_megastairs_5, serial_bayou_shore_b
Lair:4:   minmay_lair_venomous_thicket, layout_big_grid,
          nicolae_swamp_entry_splash_gauntlet, bh_autumn_forest_stairs
Lair:5:   layout_hall_layers, slime_altar_1, serial_bayou_shore_b, uniq_kirke
Lair:6:   guppyfry_lair_end_dragon, layout_cave_shapes,
          lightli_volcano_entry_magma_tube, fungi_pond_lemuel,
          minmay_hedge_maze, columned_hall_lemuel, serial_bayou_crossing,
          lemuel_fruit_tree
Swamp:1:  layout_basic_swamp, nicolae_swamp_fairy_circle, swamp_pool3,
          nicolae_swamp_baby_hydras
Swamp:2:  layout_basic_swamp, nicolae_swamp_big_swirl, swamp_pool1, uniq_aizul
Swamp:3:  layout_basic_swamp, evilmike_swamp_ruin_wall, uniq_nikola
Swamp:4:  swamp_alternative, layout_basic_swamp
Spider:1: cheibrodos_spider_silkery, uniq_jorgrun, uniq_agnes, uniq_asterion,
          uniq_josephine
Spider:2: layout_spider_delve
Spider:3: layout_cave_pods, ebering_ghost_xom, nicolae_spider_nooks_and_crannies
Spider:4: spider_rune_water, uniq_arachne, uniq_roxanne
Orc:1:    layout_caves, basic_altar, hellmonk_jugg_or_not
Orc:2:    grunt_orc_tribal_feast, layout_caves
Elf:1:    eino_elf_arrival_altar, layout_loops_ring, basic_altar, serial_shops,
          nicolae_shop_hallway_stairs, orc_legates
Elf:2:    nicolae_elf_blades_splatter_lattice [infiniplex_blade_entry_pillars],
          layout_geoelf_octagon, serial_shops, nicolae_shop_trees,
          lemuel_elevator, uniq_azrael
Elf:3:    minmay_elf_hall_curves, layout_geoelf_diagonals, serial_corexii_hall,
          corexii_hall_statues_l, corexii_hall_statues_i,
          gammafunk_ghost_fury_of_okawaru, uniq_louise
Vaults:1: ontoclasm_vaults_fault, v_misc_33,
          vaults_room_grunt_arrival_checkpoint, hangedman_vaults_variations,
          v_rooms_3, vaults_dpeg_encased_lava, nicolae_vaults_statue_guard,
          ontoclasm_vaults_spin, v_alt_pattern_6, layout_vaults_chaotic_city,
          serial_shops, nicolae_shop_trees, shop
Vaults:2: v_misc_2, vaults_room_fours, hangedman_vaults_slice,
          ontoclasm_vaults_bender, hangedman_vaults_snaps, v_alt_pattern_6,
          ontoclasm_vaults_echo, hangedman_vaults_cutoff,
          minmay_crypt_entry_simple_corners, ontoclasm_vaults_hangar, v_misc_25,
          nicolae_vaults_back_hallway, nicolae_vaults_specimen_jars,
          layout_vaults_omnibox, serial_shops, shop, shop, shop
Vaults:3: nicolae_vaults_yaktaur_gun_rack, vaults_dpeg_ring, v_misc_29,
          ontoclasm_vaults_fire_temple, nicolae_vaults_border_crossing,
          hangedman_vaults_capsules, vaults_room_large_hall,
          nicolae_vaults_rhombus_7, vaults_room_pool,
          vaults_room_stairs_pillars, nicolae_vaults_alarming,
          layout_vaults_omnicross
Vaults:4: st_more_cells, v_misc_31, hangedman_vaults_restitches,
          vaults_room_corners, vaults_room_grunt_arrival_ludios, v_rooms_5,
          nicolae_vaults_network_quinsquares
          [nicolae_vaults_network_quincunx_subvault,
          nicolae_vaults_network_quincunx_subvault,
          nicolae_vaults_network_quincunx_subvault,
          nicolae_vaults_network_quincunx_subvault], v_misc_23,
          nicolae_vaults_circle_grid_a, layout_vaults_ring

Skill      XL: |  1  2  3  4  5  6  7  8  9 10 11 12 13 14 15 16 17 18 19 20 21 22 23 |
---------------+----------------------------------------------------------------------+-----
Long Blades    | 3 4 5 6 7 8 10 13 15 17 19 22 | 22.3
Dodging        | 1 2 3 4 5 6 8 9 12 14 16 17 18 | 18.6
Armour         | 4 5 6 8 10 18 19 20 21 22 | 22.0
Invocations    | 3 5 6 9 11 | 11.1
Fighting       | 7 10 13 15 16 17 19 | 19.6
Shields        | 4 5 6 |  6.6
Throwing       | 8 |  8.0
Evocations     | 8 11 13 15 | 15.6

Action                   |  1- 3 |  4- 6 |  7- 9 | 10-12 | 13-15 | 16-18 | 19-21 | 22-24 || total
-------------------------+-------+-------+-------+-------+-------+-------+-------+-------++-------
Melee: Long sword        |    99 |   116 |   446 |   253 |    35 |       |    49 |       ||   998
       Unarmed           |       |       |     4 |       |       |       |       |       ||     4
       Double sword      |       |       |       |   517 |   786 |   221 |       |       ||  1524
       Scimitar          |       |       |       |     4 |    35 |    19 |       |       ||    58
       Punch             |       |       |       |       |     2 |       |     1 |       ||     3
       Triple sword      |       |       |       |       |       |   418 |   664 |   531 ||  1613
Throw: Dart              |       |     6 |    42 |    11 |     8 |    12 |     9 |       ||    88
       Javelin           |       |       |       |       |       |       |       |     2 ||     2
Invok: Heroism           |       |       |     7 |     9 |    11 |    10 |    10 |    10 ||    57
       Finesse           |       |       |       |       |       |     2 |       |       ||     2
 Abil: Hop               |       |     1 |     3 |     5 |     6 |     3 |     1 |     3 ||    22
Evoke: Wand              |       |       |    12 |       |       |       |       |     2 ||    14
       Condenser vane    |       |       |       |       |       |       |     1 |     1 ||     2
  Use: Potion            |       |     5 |     5 |     5 |       |     4 |     2 |     2 ||    23
       Scroll            |       |       |     9 |    14 |     5 |       |     3 |     2 ||    33
 Stab: Held in net/web   |       |       |       |     1 |       |       |       |       ||     1
       Distracted        |       |       |       |       |       |       |       |     1 ||     1
Armor: Scale mail        |    51 |    50 |    72 |       |       |       |       |       ||   173
       Chain mail        |       |       |   108 |   288 |   281 |   382 |   254 |   140 ||  1453
Dodge: Dodged            |    69 |    69 |   196 |   269 |   368 |   552 |   560 |   430 ||  2513
Block: Buckler           |    21 |    30 |   105 |   277 |   346 |       |       |       ||   779
       Reflection        |       |       |       |     8 |    17 |     7 |    14 |     7 ||    53
       Kite shield       |       |       |       |       |     5 |   209 |       |       ||   214
       Other             |       |       |       |       |     1 |   101 |   123 |    42 ||   267
       Rpst.: Triple sword |       |       |       |       |       |    64 |   100 |    96 ||   260
       Double sword      |       |       |       |       |       |     7 |       |       ||     7
       Scimitar          |       |       |       |       |       |     1 |       |       ||     1
       Long sword        |       |       |       |       |       |       |    13 |       ||    13
